 Dungeon Crawl Stone Soup version 0.17.2-1-ge4368a0 (webtiles) character file.

6599 Charly the Cleaver (level 10, 0/153 HPs)
             Began as a Deep Dwarf Gladiator on July 1, 2017.
             Was a Priest of Makhleb.
             Slain by an ice beast (6 damage)
             ... on level 12 of the Dungeon.
             The game lasted 00:29:42 (2095 turns).

Charly the Cleaver (Deep Dwarf Gladiator)           Turns: 2095, Time: 00:29:42

Health: 0/153      AC: 18    Str: 23    XL:     10   Next: 71%
Magic:  7/7        EV: 15    Int: 10    God:    Makhleb [***...]
Gold:   243        SH:  0    Dex: 19    Spells: 3 memorised, 2 levels left

rFire  + . .     SeeInvis .     x - +0 broad axe (protect)
rCold  . . .     Rnd*Rage +     d - +0 chain mail {rF+}
rNeg   . . .     SustAt   .     (no shield)
rPois  +         Gourm    .     c - +1 helmet
rElec  .         Spirit   .     (no cloak)
rCorr  .         Warding  .     v - +0 pair of gloves
rMut   .         Stasis   .     (no boots)
MR     +....                    (no amulet)
Stlth  ..........               (no ring)
                                (no ring)

@: confused, agile, berserking (expiring), non-regenerating, very quick,
somewhat resistant to hostile enchantments, extremely unstealthy
A: damage resistance, recharge devices, large bone plates 1, berserk 1, clumsy
1, sense surroundings 2, poison resistance, screaming 1, slow regeneration 3,
MP-powered wands
a: Device Recharging, Minor Destruction, Lesser Servant of Makhleb, Renounce
Religion


You were on level 12 of the Dungeon.
You worshipped Makhleb.
Makhleb was most pleased with you.
You were not hungry.

You visited 3 branches of the dungeon, and saw 17 of its levels.

You collected 327 gold pieces.
You spent 84 gold pieces at shops.

Inventory:

Hand Weapons
 a - a +1 war axe
 g - a cursed -3 dire flail
 x - a +0 broad axe of protection (weapon)
Armour
 b - a +0 leather armour
 c - a +1 helmet (worn)
 d - a +0 chain mail of fire resistance (worn)
 j - a +0 plate armour
 v - a +0 pair of gloves (worn)
Wands
 e - a wand of heal wounds (2)
 t - a wand of frost (11)
Scrolls
 i - a scroll of remove curse
 w - a scroll of identify
Potions
 h - 3 potions of curing
 k - 2 potions of agility
 l - a potion of flight
 m - a potion of cancellation
 n - a potion of brilliance
Books
 o - a book of the Sky

   Spells                             Type                      Level
   a - Summon Lightning Spire         Summoning/Air                4
   b - Airstrike                      Air                          4
   c - Silence                        Hexes/Air                    5
   d - Deflect Missiles               Charms/Air                   6
   e - Conjure Ball Lightning         Conjuration/Air              6
   f - Tornado                        Air                          9
 q - a book of Dreams

   Spells                             Type                      Level
   a - Ensorcelled Hibernation        Hexes/Ice                    2
   b - Phase Shift                    Translocation                5
   c - Shadow Creatures               Summoning                    5
   d - Silence                        Hexes/Air                    5
   e - Darkness                       Hexes                        6
   f - Mass Confusion                 Hexes                        6
Comestibles
 f - 3 bread rations
 p - a meat ration


   Skills:
 + Level 10.1 Fighting
 + Level 13.1 Axes
 - Level 1.7 Throwing
 + Level 1.6 Armour
 + Level 3.8 Dodging


You had 2 spell levels left.
You knew the following spells:

 Your Spells              Type           Power        Failure   Level  Hunger
a - Shroud of Golubria    Chrm/Tloc      #.........   100%        2    ###....
b - Song of Slaying       Chrm           #.......     100%        2    ###....
c - Spectral Weapon       Hex/Chrm       #.......     100%        3    ####...


Dungeon Overview and Level Annotations

Branches:
Dungeon (12/15)            Temple (1/1) D:6             Orc (4/4) D:10
   Lair: D:8-11         Elf: Orc:3-4

Altars:
Ashenzari
Dithmenos
Elyvilon
Fedhas
Gozag
Makhleb
Nemelex Xobeh
Okawaru
Qazlal
Sif Muna
Vehumet
Xom
Yredelemnul
Zin

Shops:
D:10 (   Orc:1 (

Portals:
Ice
Cave: D:12

Annotations:
D:12 Rupert; magipi's ghost, journeyman HEBe
Orc:4 Saint Roka


Innate Abilities, Weirdness & Mutations

You are resistant to damage.
You can recharge devices by infusing magical energy.
You passively map the area around you.
You do not regenerate naturally.
You are partially covered in large bone plates (AC +2, SH +2).
You tend to lose your temper in combat.
You are clumsy. (Dex -2)
Your system is resistant to poisons.
You occasionally shout uncontrollably at your foes.
You expend magic power (3 MP) to strengthen your wands.


Message History

Unknown command.
Unknown command.
Unknown command.
You slash Rupert!
Rupert is severely wounded.
You closely miss the ice beast.
The ice beast is lightly wounded.
You slash the ice beast!
You kill the ice beast!
Makhleb accepts your kill.
You feel better.
You closely miss the ice beast. You closely miss the ice beast.
The ice beast is heavily wounded.
The ice beast misses you.
Rupert hits you with an executioner's axe of electrocution!
* * * LOW HITPOINT WARNING * * *
You are electrocuted!
* * * LOW HITPOINT WARNING * * *
The ice beast hits you. The ice beast freezes you!
You die...

, , , ,, , , #
*#####+###
,,..##.......#
,........?..#
...........# , **
..∩.....YY.#
.......Y@@Y# *
....##Y#### , #
#Wr# #.## #######
#.# ......#
##.### ......#
###....#
......####......#
.......>W..#....#


You could see Rupert (berserk), a yak, 4 ice beasts and magipi's ghost.

Vanquished Creatures
  A hill giant (D:11)
  An orc sorcerer (Orc:2)
  A centaur skeleton (D:8)
  A kobold demonologist (Orc:2)
  A troll (Orc:2)
  A polar bear (D:12)
  Sigmund (D:5)
  A centaur simulacrum (D:12)
  2 shadows (D:12)
  A hippogriff (D:11)
  A soldier ant (D:12)
  Menkaure (D:5)
  2 orc warriors (Orc:1)
  A water moccasin (D:12)
  A phantom (D:5)
  A sky beast (D:7)
  6 ice beasts
  A wasp (D:11)
  An ogre (D:5)
  2 centaurs
  4 giant frogs
  15 big kobolds
  Blork the orc (D:5)
  3 scorpions
  4 crimson imps
  A wyvern simulacrum (D:12)
  3 jellies
  5 orc priests
  9 orc wizards
  6 worker ants
  An iguana (D:5)
  2 gnolls (D:7)
  4 adders
  2 shadow imps
  3 giant geckos
  41 orcs
  A bat zombie (D:7)
  3 giant cockroaches
  2 jackals (D:7)
  11 kobolds
  A quokka (D:11)
  A ball python (D:4)
  2 giant newts (D:1)
  A goblin (D:1)
  A rat (D:1)
155 creatures vanquished.

Notes
Turn   | Place    | Note
--------------------------------------------------------------
     0 | D:1      | Charly the Deep Dwarf Gladiator began the quest for the Orb.
     0 | D:1      | Reached XP level 1. HP: 19/19 MP: 1/1
   100 | D:4      | Noticed a worker ant
   103 | D:4      | Reached XP level 2. HP: 26/26 MP: 2/2
   116 | D:4      | Killed a worker ant
   116 | D:4      | Reached skill level 4 in Axes
   116 | D:4      | Reached XP level 3. HP: 28/32 MP: 3/3
   125 | D:5      | Entered Level 5 of the Dungeon
   125 | D:5      | Noticed Menkaure
   154 | D:5      | Killed Menkaure
   154 | D:5      | Reached skill level 6 in Axes
   154 | D:5      | Reached XP level 4. HP: 20/39 MP: 4/4
   154 | D:5      | Reached XP level 5. HP: 23/45 MP: 5/5
   167 | D:5      | Noticed Sigmund
   252 | D:7      | Noticed a sky beast
   259 | D:7      | Killed a sky beast
   259 | D:7      | Reached skill level 7 in Axes
   259 | D:7      | Reached XP level 6. HP: 32/55 MP: 6/6
   263 | D:7      | Gained mutation: You are clumsy. (Dex -2) [mutagenic meat]
   264 | D:7      | Gained mutation: You are partially covered in large bone plates (AC +2, SH +2). [mutagenic meat]
   265 | D:7      | Gained mutation: Your system is resistant to poisons. [mutagenic meat]
   267 | D:7      | Gained mutation: You tend to lose your temper in combat. [mutagenic meat]
   268 | D:7      | Gained mutation: You occasionally shout uncontrollably at your foes. [mutagenic meat]
   416 | D:7      | Reached XP level 7. HP: 57/63 MP: 7/7
   434 | D:6      | Noticed a centaur
   445 | D:6      | Killed a centaur
   445 | D:6      | Reached skill level 8 in Axes
   462 | D:5      | Noticed a centaur
   462 | D:5      | Noticed a scorpion
   469 | D:5      | Killed a centaur
   473 | D:5      | Killed a scorpion
   482 | D:5      | Noticed an ogre
   492 | D:5      | Killed an ogre
   499 | D:5      | Found a shadowy altar of Dithmenos.
   499 | D:5      | Noticed a phantom
   523 | D:5      | Found a radiant altar of Vehumet.
   526 | D:5      | Noticed Blork the orc
   545 | D:5      | Killed Blork the orc
   545 | D:5      | Reached skill level 5 in Fighting
   547 | D:5      | Killed Sigmund
   547 | D:5      | Reached skill level 9 in Axes
   547 | D:5      | Reached XP level 8. HP: 38/74 MP: 7/7
   565 | D:5      | Killed a phantom
   642 | D:4      | Found a basalt altar of Yredelemnul.
   807 | D:6      | Found a staircase to the Ecumenical Temple.
   820 | Temple   | Entered the Ecumenical Temple
   844 | Temple   | Became a worshipper of Makhleb the Destroyer
  1093 | D:8      | Noticed a centaur skeleton
  1111 | D:8      | Killed a centaur skeleton
  1111 | D:8      | Reached skill level 10 in Axes
  1209 | D:9      | You fall through a shaft for 2 floors!
  1254 | D:11     | Gained mutation: You passively map the area around you. [Deep Dwarf growth]
  1254 | D:11     | Reached XP level 9. HP: 18/86 MP: 7/7
  1264 | D:10     | Entered Level 10 of the Dungeon
  1264 | D:10     | Found a staircase to the Orcish Mines.
  1264 | D:10     | Found Ovviluo's Weapon Shop.
  1273 | D:10     | Reached * piety under Makhleb
  1312 | Orc:1    | Entered Level 1 of the Orcish Mines
  1344 | Orc:1    | Learned a level 2 spell: Shroud of Golubria
  1347 | Orc:1    | Learned a level 2 spell: Song of Slaying
  1351 | Orc:1    | Learned a level 3 spell: Spectral Weapon
  1439 | Orc:2    | Noticed an orc sorcerer
  1442 | Orc:2    | Noticed a kobold demonologist
  1461 | Orc:1    | Reached ** piety under Makhleb
  1468 | Orc:1    | Reached skill level 11 in Axes
  1552 | Orc:1    | Found Michein's Antique Weapon Boutique.
  1574 | Orc:1    | Bought a runed broad axe for 84 gold pieces
  1575 | Orc:1    | Noticed an orc knight
  1604 | Orc:4    | Entered Level 4 of the Orcish Mines
  1606 | Orc:4    | Noticed Saint Roka
  1606 | Orc:4    | Noticed an orc warlord
  1636 | Orc:2    | Killed a kobold demonologist
  1639 | Orc:2    | Reached *** piety under Makhleb
  1664 | Orc:2    | Noticed a soul eater
  1665 | Orc:2    | Killed an orc sorcerer
  1665 | Orc:2    | Reached skill level 12 in Axes
  1665 | Orc:2    | Reached XP level 10. HP: 56/98 MP: 7/7
  1832 | D:11     | Noticed a hill giant
  1840 | D:11     | Killed a hill giant
  1869 | D:11     | Noticed a seven-headed hydra
  1944 | D:12     | Reached skill level 13 in Axes
  1955 | D:12     | Reached skill level 10 in Fighting
  2015 | D:12     | Noticed magipi's ghost (journeyman HEBe)
  2036 | D:12     | Reached skill level 1 in Armour
  2062 | D:12     | Noticed Rupert
  2063 | D:12     | Found a frozen archway.
  2083 | D:12     | Gained mutation: You expend magic power (3 MP) to strengthen your wands. [a neqoxec]
  2095 | D:12     | HP: 6/153 [Rupert/executioner's axe of electrocution (7)]
  2095 | D:12     | Slain by an ice beast

Action                   |  1- 3 |  4- 6 |  7- 9 | 10-12 || total
-------------------------+-------+-------+-------+-------++-------
Melee: War axe           |    29 |    67 |   254 |       ||   350
       Broad axe         |       |       |    40 |   122 ||   162
Throw: Throwing net      |     5 |       |     1 |       ||     6
Invok: Lesser Servant of |       |       |       |     1 ||     1
 Abil: Device Recharging |       |       |     3 |       ||     3
Evoke: Wand              |       |     3 |    14 |     1 ||    18
  Use: Scroll            |       |     1 |     9 |     6 ||    16
       Potion            |       |       |     1 |     2 ||     3
 Stab: Held in net/web   |     3 |       |     1 |       ||     4
  Eat: Chunk             |       |     6 |       |       ||     6
       Bread ration      |       |       |     1 |       ||     1
       Meat ration       |       |       |       |     1 ||     1
